Map: Catalyst LE

Players

IIIIIIIIIIII - Winner!

  • Race: Zerg Zerg
  • League: Master
  • Spawn Location: 11:00

Destiny

  • Race: Zerg Zerg
  • League: Master
  • Spawn Location: 5:00

VOD

Have the link to the VOD?

Description

Time

  • Played on: Aug. 8, 2018, 1:08 p.m.
  • Length: 6:29
Show
View Real Time Build Order
Export as new Build Order

IIIIIIIIIIII Zerg - Winner!

Build Orders: Pool First, Zergling Baneling 

Get SALT Encoding   

  12  0:01  Drone  
  13  0:15  Extractor  
  12  0:24  Spawning Pool  
  11  0:28  Drone  
  11  0:33  Drone  
  13  0:38  Drone  
  14  0:50  Overlord  
  14  1:10  Zergling x4  
  16  1:11  Zergling x2  
  16  1:14  Metabolic Boost  
  17  1:22  Zergling x2  
  18  1:33  Zergling x2  
  18  1:35  Baneling Nest  
  18  1:44  Zergling x2  
  19  1:52  Queen  
  21  1:57  Zergling x2  
  22  2:19  Baneling x3  
  22  2:22  Overlord  
  22  2:32  Zergling x2, Extractor  
  23  2:41  Baneling x2  
  23  2:43  Zergling x2  
  23  2:44  Zergling x2  
  22  3:10  Hatchery  
  19  3:17  Zergling x4  
  19  3:23  Drone x2  
  21  3:33  Baneling x2  
  21  3:36  Drone  
  22  3:43  Drone x2  
  24  3:51  Drone  
  24  3:52  Drone  
  26  4:04  Queen  
  26  4:08  Drone  
  25  4:20  Drone x2  
  25  4:22  Drone  
  28  4:32  Drone  
  28  4:33  Drone x2  
  30  4:39  Zergling x2  
  31  4:47  Zergling x4  
  33  4:55  Zergling x2  
  33  4:56  Hatchery  
  33  4:58  Baneling x2  
  33  5:06  Zergling x6  
  36  5:13  Overlord  
  36  5:24  Overlord  
  36  5:27  Baneling  
  36  5:28  Baneling x3  
  36  5:32  Zergling x12  
  42  5:37  Zergling x2  
  42  5:39  Zergling x2  
  44  5:46  Zergling x2  
  44  5:49  Zergling x2  
  47  5:50  Zergling x2  
  45  5:57  Zergling x2  
  45  5:58  Zergling x2  
  45  5:59  Baneling  
  45  6:00  Baneling x2  
  47  6:09  Zergling x12  
Show
View Real Time Build Order
Export as new Build Order

Destiny Zerg 

Build Orders: Hatch First 

Get SALT Encoding   

  12  0:03  Drone  
  13  0:13  Overlord  
  13  0:18  Drone  
  14  0:31  Drone x2  
  16  0:36  Drone  
  17  0:54  Hatchery  
  16  0:57  Drone  
  16  1:00  Drone  
  18  1:11  Extractor  
  17  1:15  Spawning Pool  
  17  1:17  Drone  
  17  1:21  Drone  
  18  1:29  Drone  
  19  1:40  Drone  
  20  1:51  Overlord  
  20  2:02  Zergling x2, Spine Crawler  
  20  2:03  Queen  
  23  2:12  Zergling x2  
  23  2:13  Baneling Nest  
  22  2:20  Spine Crawler  
  21  2:25  Zergling x2  
  22  2:31  Metabolic Boost  
  22  2:39  Queen  
  24  2:57  Baneling x2  
  24  2:58  Zergling x6  
  23  3:14  Queen  
  25  3:25  Drone  
  26  3:31  Extractor  
  25  3:35  Drone  
  26  3:47  Drone  
  26  4:01  Drone  
  27  4:05  Lair  
  27  4:07  Drone  
  28  4:10  Hatchery  
  24  4:19  Drone  
  25  4:29  Drone  
  25  4:31  Drone x2, Overlord  
  25  4:43  Zergling x2  
  26  4:53  Drone  
  27  5:05  Spire, Drone x4  
  30  5:11  Queen  
  32  5:23  Queen, Drone x2  
  32  5:28  Drone  
  37  5:32  Drone  
  37  5:35  Drone x3  
  40  5:39  Drone  
  42  5:45  Drone  
  43  5:58  Baneling x2  
  43  6:00  Overlord  
  43  6:08  Spine Crawler  
  43  6:10  Spine Crawler  
  43  6:11  Zergling x8  
Tags
 
Add a new tag
Caveats
  • Supply blocks, unpowered buildings, or Contaminate may cause inaccurate times.
  • Supply counts are checked every 10 seconds.